AoeStats
← Tocino Salvaje

Nomad

506110950Analyzed
2v2 RM · 18d ago on Sep 12, 2026· 50m 34s· 4 players
Game mode
Random Map
Map size
176×176
Population
200
Speed
Normal
Resources
Standard
Victory
Conquest
Starting age
Dark Age
Ending age
Imperial Age
RankedLock teamsTeams togetherTeam positionsShared explorationLock speedFull tech treeHidden civsTurbo modeCheats
Victory
Defeat
🇪🇸 Spanish · Spain
1079
+14
🇪🇸 Japanese · Spain
978
+17
🇧🇷 Khitans · Brazil
1055
-17
🇧🇷 Spanish · Brazil
992
-14
LordLuke13
4:41 Loom
18:47 Feudal Age
19:19 Man-at-Arms
20:06 Domestication
20:41 Fishing Lines
22:03 Forging
22:00 Town Watch
23:39 Gold Mining
25:05 Scale Mail Armor
25:03 Fletching
25:37 Stone Mining
27:22 Wheelbarrow
26:50 Padded Archer Armor
29:47 Castle Age
27:41 Arson
27:58 Double-Bit Axe
31:19 Bow Saw
31:20 Bodkin Arrow
30:50 Elite Skirmisher
31:24 Long Swordsman
33:05 Iron Casting
32:47 Chain Mail Armor
33:12 Gillnets
34:09 Hand Cart
34:33 Leather Archer Armor
34:16 Gambesons
35:14 Stone Shaft Mining
35:42 Squires
40:54 Imperial Age
41:50 Lamellar Armor
41:09 Capped Ram
43:03 Plate Mail Armor
41:55 Pikeman
44:57 Ring Archer Armor
46:47 Conscription
47:41 Bracer
47:05 Two-Handed Swordsman
Nonaka
15:57 Feudal Age
14:15 Loom
17:53 Wheelbarrow
18:06 Town Watch
18:22 Double-Bit Axe
18:48 Fishing Lines
23:38 Castle Age
23:59 Stone Mining
24:01 Gold Mining
24:41 Bow Saw
25:03 Gillnets
25:42 Hand Cart
25:35 Town Patrol
25:51 Hand Cart
28:31 Fletching
29:41 Thumb Ring
28:57 Elite Skirmisher
29:50 Bodkin Arrow
29:56 Padded Archer Armor
30:30 Horse Collar
33:12 Leather Archer Armor
40:54 Imperial Age
48:29 Heavy Plow
Tocino Salvaje
5:24 Loom
16:04 Feudal Age
17:02 Fishing Lines
17:32 Double-Bit Axe
22:07 Castle Age
21:13 Scale Barding Armor
22:07 Bloodlines
23:17 Chain Barding Armor
22:56 Gillnets
23:41 Husbandry
23:28 Town Watch
26:53 Ballistics
30:37 Imperial Age
28:44 Wheelbarrow
29:02 Town Patrol
32:19 Chemistry
33:51 Elite Conquistador
36:31 Plate Barding Armor
38:17 Conscription
48:29 Hoardings
espartakus 0_o
4:40 Loom
13:50 Feudal Age
14:26 Fishing Lines
15:35 Wheelbarrow
14:45 Town Watch
22:38 Castle Age
21:20 Horse Collar
22:28 Stone Mining
22:53 Forging
22:43 Scale Mail Armor
22:34 Fletching
22:38 Gold Mining
23:23 Heavy Plow
23:10 Double-Bit Axe
23:31 Gambesons
23:47 Squires
26:52 Medium Warships
27:28 Gillnets
27:34 Gillnets
27:55 Town Patrol
28:11 Hand Cart
27:24 Demolition Ship
29:47 Murder Holes
30:59 Bow Saw
32:37 Yasama
35:45 Ballistics
44:32 Arson
45:50 Masonry
45:21 Treadmill Crane
Connection lost

Rejoining the realm…

Still unreachable

The connection could not be restored.

Session expired

The server has moved on; the page needs a fresh start.